 Dungeon Crawl Stone Soup version 0.29.1-12-g30fa7ad0bf (webtiles) character file.

Game seed: 4720547986866013702

51 raph the Stinger (level 3, -8/14 HPs)
             Began as a Felid Venom Mage on Dec 18, 2022.
             Killed by miscasting Mephitic Cloud (13 damage)
             ... on level 2 of the Dungeon.
             The game lasted 00:03:19 (3152 turns).

raph the Stinger (Felid Venom Mage)                 Turns: 3152, Time: 00:03:19

Health: -8/14      AC:  1    Str:  4    XL:     3   Next: 58%
Magic:  1/7        EV: 17    Int: 18    God:
Gold:   7          SH:  0    Dex: 16    Spells: 0/6 levels left
                                        Lives:  0   Deaths: 0

rFire   . . .      SeeInvis +   (weapon unavailable)
rCold   . . .      Faith    .   (shield unavailable)
rNeg    . . .      Spirit   .   (body armour unavailable)
rPois   .          Reflect  .   (helmet unavailable)
rElec   .          Harm     .   (cloak unavailable)
rCorr   .          Rampage  .   (gloves unavailable)
Will    .....                   (boots unavailable)
Stlth   ++........              (no amulet)
HPRegen 0.04/turn               c - ring of flight
MPRegen 0.10/turn               (no ring)

@: flying, very slightly contaminated, quick
A: very small, claws 1, fangs 3, see invisible, speed 1, shaggy fur 1, stealthy
paws, no weapons or thrown items, no armour, multi-lived
a: no special abilities


You were on level 2 of the Dungeon.
You visited 1 branch of the dungeon, and saw 3 of its levels.

You collected 43 gold pieces.
You spent 36 gold pieces at shops.

Inventory:

Jewellery
 c - a ring of flight (left paw)
Scrolls
 e - a scroll of identify
 f - 2 scrolls of teleportation
 h - 2 scrolls of poison
Potions
 a - a potion of magic
 g - 2 potions of attraction


   Skills:
 - Level 2.6 Dodging
 - Level 2.6 Stealth
 + Level 2.2 Spellcasting
 + Level 0.3 Conjurations
 - Level 1.1 Transmutations
 * Level 4.0 Poison Magic


You couldn't memorise any spells.
You knew the following spells:

 Your Spells              Type           Power      Damage    Failure   Level
a - Sting                 Tmut/Pois      44%        1d5       6%          1
b - Poisonous Vapours     Pois/Air       18%        N/A       12%         2
c - Mephitic Cloud        Conj/Pois/Air  7%         N/A       28%         3

Your spell library contained the following spells:

 Spells                   Type           Power      Damage    Failure   Level
 Olgreb's Toxic Radiance  Pois           16%        N/A       32%         4


Dungeon Overview and Level Annotations

Branches:
Dungeon (3/15)

Altars:

Shops:
D:1 ?   D:2 (


Innate Abilities, Weirdness & Mutations

You have sharp claws.
You have razor-sharp teeth.
You have supernaturally acute eyesight. (SInv)
You cover ground quickly. (Speed+)
You are covered in fur. (AC +1)
Your paws help you pounce on unaware monsters.
You are incapable of wielding weapons or throwing items.
You cannot wear armour.
You gain extra lives every three experience levels.


Message History

As you read the scroll labelled DEUFAOFEPH, it crumbles to dust.
It was a scroll of poison.
Partly explored, can't reach some places.
You start waiting.
Done waiting.
Done exploring.
Done exploring.
Done exploring.
There is an open door here.
There is an escape hatch in the floor here.
There is a stone staircase leading down here.
You fly downwards.
There is a stone staircase leading up here.
The helpless orc fails to defend itself.
You scratch the orc.
The orc is heavily wounded.
The orc shouts! x2; You hear a shout!
The orc shouts!
The orc barely misses you. The orc hits you with a +0 whip.
The orc barely misses you. The orc hits you with a +0 club. The orc misses you.
The orc closely misses you. The orc misses you.
You fly upwards.
There is a stone staircase leading down here.
Casting: Sting (safe; 6% risk of failure)
Confirm with . or Enter, or press ? or * to list all spells.
Aiming: Mephitic Cloud (astonishingly dangerous; 28% risk of failure)
Press: ? - help, Shift-Dir - straight line, f - orc
Aim: an orc, wielding a +0 club and quivering boomerangs (heavily wounded, chance to affect: 96%)
You miscast Mephitic Cloud.
You are very lightly contaminated with residual magic.
Nothing appears to happen.
There is an open door here.
Casting: Mephitic Cloud (astonishingly dangerous; 28% risk of failure)
Confirm with . or Enter, or press ? or * to list all spells.
Aiming: Mephitic Cloud (astonishingly dangerous; 28% risk of failure)
Press: ? - help, Shift-Dir - straight line, f/p - orc
Aim: an orc, wielding a +0 club and quivering boomerangs (heavily wounded, chance to affect: 96%)
You miscast Mephitic Cloud.
Strange energies run through your body!
Ouch! That really hurt!
You die...

#.## #..#...# ###.####### ...##
#..#...# #.........# ....##
#......# #.#..####.# ....<#
#.##'#.# #.#..# #.# ....##
#.#....# #.#..####.# ....#
#......## #.#.....#.# #.#.#
##.......## #....##.#.#
....###..>.....∩####...##.#.###
......'.<....oo.@.............#
....###.......o.####...>....#.#
#<.#.###..>....## ##.###.###.#
..#.#.###.....## #.###.# #.#
.#.#.## ##...## #.##..# #.#
..#.## ##'## #.##.## #.# .####
#.#########.##.####.#
.##########.##................#
.............#.#####)###.######


You could see 3 orcs.

Vanquished Creatures
  3 worms (D:2)
  A dart slug (D:2)
  4 ball pythons
  2 bats
  3 endoplasms
  3 giant cockroaches
  3 goblins
  3 hobgoblins (D:1)
  5 jackals
  A quokka (D:2)
  2 frilled lizards (D:2)
  4 kobolds
  3 rats
37 creatures vanquished.

Notes
Turn   | Place    | Note
-------+----------+-------------------------------------------
     0 | D:1      | raph the Felid Venom Mage began the quest for the Orb.
     0 | D:1      | Reached XP level 1. HP: 7/7 MP: 4/4
   233 | D:1      | Reached skill level 3 in Poison Magic
   319 | D:1      | Found Dilaabliufu's Magic Scroll Shop.
   357 | D:1      | Reached XP level 2. HP: 11/11 MP: 4/6
   406 | D:1      | Found a faded altar of an unknown god.
   674 | D:1      | Learned a level 2 spell: Poisonous Vapours
  1459 | D:2      | Found Gyifoeb's Antique Weapon Emporium.
  1606 | D:2      | Reached XP level 3. HP: 7/14 MP: 2/7
  1610 | D:2      | Learned a level 3 spell: Mephitic Cloud
  1880 | D:1      | Bought a scroll of teleportation for 36 gold pieces
  2972 | D:2      | Reached skill level 4 in Poison Magic
  3152 | D:2      | Killed by miscasting Mephitic Cloud

Illustrated notes

Levels and vault maps discovered:
D:1:      tarquinn_simple_flora_water_f, layout_basic, serial_shops,
          nicolae_shop_advertising_works [nicolae_subvault_shop_adworks],
          hellmonk_ecumenical_altar_run_dry, minmay_tiny_reverse_x
D:2:      layout_loops_corners, serial_shops, shop
D:3:      layout_rooms, amcnicky_altar_gilded, uniq_robin

Skill      XL: |  1  2  3 |
---------------+----------+-----
Poison Magic   | 3 4 |  4.0
Dodging        | |  2.6
Stealth        | |  2.6
Spellcasting   | |  2.2
Conjurations   | |  0.3
Transmutations | |  1.1

Action                   || total
-------------------------++-------
Melee: Unarmed           ||    20
       Bite              ||     3
 Cast: Sting             ||    53
       Poisonous Vapours ||    15
  Use: Scroll            ||     4
 Stab: Sleeping          ||     2
Armor: Skin              ||     3
Dodge: Dodged            ||    34
